 Dungeon Sprint DCSS version 0.27-a0-249-g74f53ef629 (webtiles) character file.

Game seed: 12425538646914032111

15774 Tarl the Champion of Chaos (level 12, -19/104 (116) HPs)
             Began as a Deep Dwarf Fighter on Feb 4, 2021.
             Was the Champion of Makhleb.
             Killed from afar by Musuvomn the pandemonium lord (54 damage)
             ... with a bolt of fire
             ... in the Dungeon (Sprint V: "Ziggurat Sprint").
             The game lasted 00:16:12 (544 turns).

Tarl the Champion of Chaos (Deep Dwarf Fighter)      Turns: 544, Time: 00:16:13

HP:   -19/104 (116) AC: 31    Str: 28    XL:     12   Next: 4%
MP:   16/20         EV: 10    Int: 11    God:    Makhleb [******]
Gold: 0             SH: 32    Dex: 20    Spells: 12/15 levels left

rFire    . . .     SeeInvis .   I - +3 war axe of Pukul {speed, Fragile +Fly rC+ Dex+7}
rCold    + . .     Faith    .   n - +18 shield of the Gong {rElec rN+ Will+ EV-5}
rNeg     + . .     Spirit   .   m - +15 Maxwell's patent armour {-Cast -Tele rElec Will+ rCorr}
rPois    +         Reflect  .   (no helmet)
rElec    +         Harm     .   R - +0 cloak {rPois}
rCorr    +         Rampage  .   (no gloves)
Will     +++..     NoTele   +   (no boots) Stlth ..........NoCast +
                                Q - amulet of the acrobat
HPRegen  0.00/turn              K - +4 ring of slaying
MPRegen  0.17/turn              J - +6 ring of strength

@: non-regenerating, slowed, heavily drained, very slow
A: damage resistance, heal wounds, sense surroundings 2, no regeneration
a: Heal Wounds, Renounce Religion, Evoke Flight, Minor Destruction, Lesser
Servant of Makhleb, Major Destruction, Greater Servant of Makhleb


You were in the Dungeon.
You worshipped Makhleb.
Makhleb was exalted by your worship.
You visited 1 branch

Inventory:

Hand Weapons
 a - the cursed +14 obsidian axe {vorpal, +Fly SInv *Curse}
   (You found it in the Dungeon)

   It inflicts extra damage upon your enemies.
   It lets you see invisible.
   It lets you fly.
   It curses itself when equipped.
   It has a curse placed upon it.
 k - a +5 vorpal broad axe
 l - a +5 battleaxe
 o - a +5 executioner's axe
 p - a +5 fustibalus
 v - a +5 demon whip of freezing
 I - the +3 war axe of Pukul (weapon) {speed, Fragile +Fly rC+ Dex+7}
   (You found it in the Dungeon)

   Attacks with this weapon are significantly faster.
   It affects your dexterity (+7).
   It protects you from cold.
   It lets you fly.
   It will be destroyed if unequipped.
 P - the +5 battleaxe of Bodily Harmony {spect, Str+4}
   (You took it off Dowan in the Dungeon)

   When it strikes, its spirit leaps out and fights alongside the wielder.
   It affects your strength (+4).
Missiles
 q - 1000 sling bullets
Armour
 b - a +0 scale mail
 c - a +0 kite shield
 m - the +15 Maxwell's patent armour (worn) {-Cast -Tele rElec Will+ rCorr}
   (You found it in the Dungeon)

   It insulates you from electricity.
   It affects your willpower, your defense against some magical effects.
   It prevents spellcasting.
   It prevents most forms of teleportation.
   It provides partial protection from all sources of acid and corrosion.
 n - the +18 shield of the Gong (worn) {rElec rN+ Will+ EV-5}
   (You found it in the Dungeon)

   It affects your evasion (-5).
   It insulates you from electricity.
   It protects you from negative energy.
   It affects your willpower, your defense against some magical effects.
 R - a +0 cloak of poison resistance (worn)
Jewellery
 E - an uncursed ring of flight
 F - a +6 ring of dexterity
 G - a +6 ring of dexterity
 J - a +6 ring of strength (right hand)
 K - a +4 ring of slaying (left hand)
 L - an uncursed ring of resist corrosion
 M - an uncursed ring of magical power
 N - an uncursed ring of protection from cold
 O - the cursed ring "Ruenes" {rF+ Int-4 Dex+3}
   (You found it in the Dungeon)

   [ring of intelligence]

   It affects your intelligence (-4).
   It affects your dexterity (+3).
   It protects you from fire.
   It has a curse placed upon it.
 Q - an amulet of the acrobat (around neck)
Wands
 B - a wand of mindburst (7)
 C - a wand of iceblast (7)
 D - a wand of acid (7)
Scrolls
 j - 4 scrolls of blinking
 w - 7 scrolls of fog
 x - a scroll of holy word
 y - 5 scrolls of identify
 z - 5 scrolls of remove curse
 A - 2 scrolls of fear
Potions
 d - 6 potions of might
 e - 8 potions of curing
 f - 10 potions of heal wounds
 g - 6 potions of haste
 h - 7 potions of magic
 i - 3 potions of berserk rage
 r - 2 potions of brilliance
 s - 2 potions of invisibility
 t - 4 potions of resistance
Miscellaneous
 u - a condenser vane
 H - a lightning rod (4/4)


   Skills:
 + Level 10.1 Fighting
 + Level 11.7(13.4) Axes
 + Level 10.4(12.3) Maces & Flails
 + Level 11.8 Armour
 + Level 11.3 Dodging
 + Level 11.8 Shields
 + Level 2.3 Spellcasting
 + Level 3.1 Necromancy
 + Level 13.3 Invocations


You had 12 spell levels left.
You knew the following spells:

 Your Spells              Type           Power        Failure   Level
a - Vampiric Draining     Necr           4%           95%         3

Your spell library contained the following spells:

 Spells                   Type           Power        Failure   Level
 Animate Skeleton         Necr           16%          65%         1
 Corpse Rot               Necr/Air       N/A          94%         2
 Blink                    Tloc           N/A          99%         2
 Ignite Poison            Fire/Tmut/Pois 1%           100%        3
 Cause Fear               Hex            0%           100%        4
 Iskenderun's Mystic Bla  Conj/Tloc      1%           100%        4
 Fireball                 Conj/Fire      0%           100%        5
 Silence                  Hex/Air        0%           100%        5
 Summon Forest            Summ/Tloc      0%           100%        5
 Summon Mana Viper        Hex/Summ       1%           100%        5
 Yara's Violent Unravell  Hex/Tmut       0%           100%        5
 Shadow Creatures         Summ           N/A          100%        6
 Starburst                Conj/Fire      0%           100%        6
 Summon Hydra             Summ           0%           100%        7
 Discord                  Hex            0%           100%        8
 Ignition                 Fire           0%           100%        8


Dungeon Overview and Level Annotations

Branches:
Dungeon (1/1)

Altars:
Ashenzari
Cheibriados
Dithmenos
Elyvilon
Fedhas
Gozag
Hepliaklqana
Kikubaaqudgha
Makhleb
Nemelex Xobeh
Okawaru
Qazlal
Ru
Sif Muna
Trog
Uskayaw
Vehumet
Wu Jian
Xom
Yredelemnul
Zin
The Shining One
Beogh
Jiyva
Lugonu

Annotations:
D 1 transporter


Innate Abilities, Weirdness & Mutations

You are resistant to damage.
You can heal yourself by infusing magical energy.
You passively map the area around you.
You do not regenerate.


Message History

The freezing wraith hits you but does no damage.
You slash Sets!
Sets is lightly wounded.
You hit something.
Your Maxwell's patent armour prevents you from hitting the freezing wraith.
You hit Musuvomn but do no damage. Musuvomn gestures at you.
You feel haunted. You block Sets's attack.
GONNNNG!
You block something's attack.
PANG!
You miss Sets.
Sets is lightly wounded.
You hit something.
You hit the freezing wraith but do no damage.
You hit Musuvomn but do no damage. Musuvomn gestures at you.
The bolt of fire hits you!!!
Ouch! That really hurt!
You die...

,
,,▓..=)}"}..▓..)...}..▓
▓..|[)=)..▓...}}[...▓ ,
,
,▓.........▓.........▓
, ▓.........▓.........▓
, ▓.........▓.....)...▓
, ,
▓....Kg4..▓...)†)...▓ ,
▓....gW26W▓.▓.†...▓.▓ ,
▓.▓..W4&▓W▓....©....▓
,© ,,
▓....43&@{▓▓▓▓▓▓▓▓▓▓▓ *
* ▓▓▓▓▓▓▓▓▓▓▓ * * ** *
* ,, ,8 , ,, * , , , ,,
, , ,* , , , ,* ,,, , ,
,* ,, , , , , , , * ,,,
* ,, , ,, , , , ,


You could see Musuvomn (black mark), Sets (black mark), a sun demon (black
mark), a shadow demon (black mark), an orange demon (black mark), a hellwing
(black mark), a rust devil (black mark), 2 freezing wraiths, 2 wraiths, a
hobgoblin (summoned), a goblin (summoned) and a kobold (summoned).

Vanquished Creatures
  A vault warden (D)
  A rakshasa (D)
  3 vault guards (D)
  2 sixfirhies (D)
  2 black mambas (D)
  A rime drake (D)
  A yaktaur (D)
  A freezing wraith (D)
  A guardian mummy (D)
  An ice devil (D)
  2 polar bears (D)
  Sigmund (D)
  Eustachio (D)
  A naga (D)
  2 water moccasins (D)
  A floating eye (D)
  An orc warrior (D)
  2 ice beasts (D)
  An eye of draining (D)
  Blork the orc (D)
  Dowan (D)
  An orc priest (D)
  3 jellies (D)
  An orc wizard (D)
  2 mummies (D)
  4 adders (D)
  2 orcs (D)
  A bat zombie (D)
  4 ball pythons (D)
46 creatures vanquished.

Vanquished Creatures (collateral kills)
  A wolf spider (D)
  A naga mage (D)
  A naga (D)
  Duvessa (D)
  A water moccasin (D)
  An orc priest (D)
  Jessica (D)
  An orc wizard (D)
  An adder (D)
  A ball python (D)
10 creatures vanquished.

Grand Total: 56 creatures vanquished

Notes
Turn   | Place    | Note
-------+----------+-------------------------------------------
     0 | D        | Tarl the Deep Dwarf Fighter began the quest for the Orb.
     0 | D        | Reached XP level 1. HP: 20/20 MP: 1/1
     0 | D        | Found a shimmering blue altar of Sif Muna.
     0 | D        | Found a bloodstained altar of Trog.
     0 | D        | Found a sacrificial altar of Ru.
     0 | D        | Found a stormy altar of Qazlal.
     0 | D        | Found an iron altar of Okawaru.
     2 | D        | Found a sparkling altar of Nemelex Xobeh.
     3 | D        | Found the +6 Majin-Bo {vamp, MP+6 Int+6}
     3 | D        | Found the +9 heavy crossbow "Sniper" {vorpal, Acc+∞ SInv}
     3 | D        | Found the +10 dark maul {vorpal}
     3 | D        | Found the +15 Maxwell's patent armour {-Cast -Tele rElec
                  | Will+ rCorr}
     3 | D        | Found the +18 shield of the Gong {rElec rN+ Will+ EV-5}
     3 | D        | Found the cursed +14 obsidian axe {vorpal, +Fly SInv
                  | *Curse}
     3 | D        | Found the +7 great mace "Firestarter" {inner flame, rF++}
     3 | D        | Found the +6 shillelagh "Devastator" {shatter}
     3 | D        | Found the +11 plutonium sword {*Contam Stlth-}
     3 | D        | Found the +8 lance "Wyrmbane" {slay drac, rPois rF+ rC+
                  | AC+3}
     3 | D        | Found the +9 sword of Zonguldrok {reap}
     3 | D        | Found the cursed +13 scythe of Curses {drain, *Curse}
     3 | D        | Found the +5 sword of Power {vorpal}
     3 | D        | Found the +7 mace of Variability {chain chaos}
     3 | D        | Found the +7 Singing Sword {vorpal, sonic wave}
     3 | D        | Found the +8 storm bow {elec, penet}
     3 | D        | Found an ancient bone altar of Kikubaaqudgha.
     3 | D        | Found a transporter.
     3 | D        | Found a corrupted altar of Lugonu.
     3 | D        | Found a viscous altar of Jiyva.
     3 | D        | Found a burning altar of Makhleb.
     3 | D        | Found a hazy altar of Hepliaklqana.
     3 | D        | Found an opulent altar of Gozag.
    16 | D        | Became a worshipper of Makhleb the Destroyer
    25 | D        | Found a blossoming altar of Fedhas.
   144 | D        | Entered arena 2.
   144 | D        | Noticed a floating eye
   144 | D        | Noticed a jelly
   144 | D        | Found a transporter.
   145 | D        | Paralysed by a floating eye for 2 turns
   149 | D        | Killed a jelly
   149 | D        | Killed a floating eye
   150 | D        | Reached skill level 5 in Armour
   150 | D        | Reached skill level 5 in Shields
   150 | D        | Reached skill level 4 in Invocations
   150 | D        | Reached XP level 2. HP: 28/30 MP: 1/5
   150 | D        | Reached XP level 3. HP: 34/36 MP: 1/6
   150 | D        | Reached XP level 4. HP: 41/44 MP: 1/7
   210 | D        | Entered arena 3.
   210 | D        | Noticed an eye of draining
   210 | D        | Found a transporter.
   214 | D        | Reached * piety under Makhleb
   215 | D        | Reached skill level 5 in Axes
   215 | D        | Reached skill level 5 in Invocations
   215 | D        | Reached XP level 5. HP: 51/51 MP: 3/9
   219 | D        | Killed an eye of draining
   220 | D        | Reached skill level 5 in Fighting
   220 | D        | Reached skill level 6 in Invocations
   220 | D        | Reached XP level 6. HP: 61/61 MP: 0/10
   223 | D        | Got the +3 war axe of Pukul {speed, Fragile +Fly rC+ Dex+7}
   225 | D        | Entered arena 4.
   225 | D        | Noticed a water moccasin
   225 | D        | Found a transporter.
   228 | D        | Reached ** piety under Makhleb
   239 | D        | Killed a water moccasin
   240 | D        | Reached skill level 5 in Maces & Flails
   240 | D        | Reached skill level 5 in Dodging
   311 | D        | Entered arena 5.
   311 | D        | Noticed a guardian mummy
   311 | D        | Found a transporter.
   313 | D        | Reached *** piety under Makhleb
   318 | D        | Killed a guardian mummy
   319 | D        | Reached skill level 7 in Invocations
   319 | D        | Reached XP level 7. HP: 43/69 MP: 12/12
   327 | D        | Entered arena 6.
   327 | D        | Found a transporter.
   329 | D        | Reached **** piety under Makhleb
   333 | D        | Reached skill level 8 in Invocations
   350 | D        | Entered arena 7.
   350 | D        | Noticed a rime drake
   350 | D        | Noticed a polar bear
   350 | D        | Noticed an ice devil
   350 | D        | Noticed a polar bear
   351 | D        | Found a transporter.
   358 | D        | Reached ***** piety under Makhleb
   359 | D        | Killed an ice devil
   360 | D        | Reached skill level 9 in Invocations
   360 | D        | Reached XP level 8. HP: 78/78 MP: 14/14
   364 | D        | Killed a polar bear
   365 | D        | Killed a polar bear
   367 | D        | Killed a rime drake
   372 | D        | Got the cursed ring "Ruenes" {rF+ Int-4 Dex+3}
   378 | D        | Entered arena 8.
   378 | D        | Noticed Sigmund
   378 | D        | Noticed Jessica
   378 | D        | Noticed Blork the orc
   378 | D        | Noticed Dowan
   378 | D        | Noticed Duvessa
   378 | D        | Noticed Eustachio
   379 | D        | Identified the +5 battleaxe of Bodily Harmony {spect,
                  | Str+4}
   379 | D        | Identified the +5 battleaxe of Bodily Harmony {spect,
                  | Str+4}
   379 | D        | Found a transporter.
   385 | D        | Killed Duvessa
   388 | D        | Killed Blork the orc
   388 | D        | Killed Eustachio
   389 | D        | Reached skill level 10 in Invocations
   389 | D        | Gained mutation: You passively map the area around you.
                  | [Deep Dwarf growth]
   389 | D        | Reached XP level 9. HP: 87/87 MP: 16/16
   389 | D        | Killed Dowan
   389 | D        | Reached ****** piety under Makhleb
   389 | D        | Killed Jessica
   395 | D        | Killed Sigmund
   403 | D        | Entered arena 9.
   404 | D        | Found a transporter.
   429 | D        | Entered arena 10.
   429 | D        | Noticed a yaktaur
   429 | D        | Noticed a vault guard
   429 | D        | Noticed a rakshasa
   429 | D        | Noticed a vault guard
   429 | D        | Noticed a vault guard
   429 | D        | Noticed a wolf spider
   429 | D        | Noticed a vault warden
   429 | D        | Noticed a freezing wraith
   430 | D        | Found a transporter.
   435 | D        | Killed a wolf spider
   439 | D        | Killed a yaktaur
   440 | D        | Reached skill level 11 in Invocations
   450 | D        | Killed a vault guard
   451 | D        | Reached skill level 10 in Axes
   451 | D        | Reached skill level 10 in Armour
   451 | D        | Reached skill level 10 in Shields
   453 | D        | Killed a freezing wraith
   454 | D        | Reached XP level 10. HP: 57/98 MP: 18/18
   459 | D        | Killed a vault guard
   460 | D        | Reached skill level 10 in Dodging
   460 | D        | Killed a rakshasa
   461 | D        | Reached skill level 12 in Invocations
   466 | D        | Killed a vault guard
   467 | D        | Killed a vault warden
   468 | D        | Reached skill level 10 in Maces & Flails
   473 | D        | Got Kadey's Compendium of Quantum Evil Rituals
   479 | D        | Learned a level 3 spell: Vampiric Draining
   481 | D        | Reached skill level 1 in Spellcasting
   481 | D        | Reached skill level 1 in Necromancy
   481 | D        | Reached skill level 13 in Invocations
   481 | D        | Reached XP level 11. HP: 92/108 MP: 20/20
   484 | D        | Entered arena 11.
   485 | D        | Identified the +9 falchion of Sulphur {venom, SInv Stlth+}
   485 | D        | Found a transporter.
   499 | D        | Reached skill level 10 in Fighting
   516 | D        | Entered arena 12.
   516 | D        | Noticed Musuvomn the pandemonium lord
   516 | D        | Noticed a sixfirhy
   516 | D        | Noticed a monstrous black sun
   516 | D        | Noticed a sixfirhy
   516 | D        | Noticed a shadow demon
   517 | D        | Found the +2 Maxwell's thermic engine {flame, freeze}
   517 | D        | Found the +8 orange crystal plate armour {Archmagi, Int+3
                  | Clar}
   517 | D        | Noticed Sets the pandemonium lord
   517 | D        | Noticed a sun demon
   518 | D        | Found a transporter.
   520 | D        | Killed a sixfirhy
   521 | D        | Reached XP level 12. HP: 116/116 MP: 21/21
   544 | D        | Killed from afar by Musuvomn the pandemonium lord

Illustrated notes

Levels and vault maps discovered:
D:        sprint_v [room_start, room_1, room_2, room_3, room_4, room_5, room_6,
          room_7, room_8, room_9, room_10, room_11, room_12, room_13, room_14,
          room_15, room_16, room_17, room_18, room_19, room_20, room_21,
          room_22, room_23, room_24, room_25, room_26, room_27]

Skill      XL: |  1  2  3  4  5  6  7  8  9 10 11 12 |
---------------+-------------------------------------+-----
Fighting       | 4 5 6 7 8 9 10 | 10.1
Axes           | 4 5 6 7 8 10 11 | 11.7
Maces & Flails | 3 4 5 6 7 8 10 | 10.4
Armour         | 5 6 7 8 9 10 11 | 11.8
Dodging        | 3 4 6 7 8 9 11 | 11.3
Shields        | 5 6 7 8 9 10 11 | 11.8
Invocations    | 4 5 6 7 9 10 11 13 | 13.3
Spellcasting   | 1 2 |  2.3
Necromancy     | 1 2 3 |  3.1

Action                   |  1- 3 |  4- 6 |  7- 9 | 10-12 || total
-------------------------+-------+-------+-------+-------++-------
Melee: Broad axe         |     2 |     7 |       |       ||     9
       War axe           |       |    19 |    71 |    45 ||   135
Invok: Lesser Servant of |       |       |     1 |       ||     1
       Greater Servant o |       |       |       |     1 ||     1
 Abil: Heal Wounds       |       |       |     1 |     3 ||     4
  Use: Scroll            |       |     1 |       |     1 ||     2
       Potion            |       |       |       |     3 ||     3
 Stab: Distracted        |       |       |     1 |       ||     1
Armor: Plate armour      |     2 |     8 |    37 |    23 ||    70
Dodge: Dodged            |       |       |    12 |    12 ||    24
Block: Kite shield       |     2 |    23 |   119 |    98 ||   242

Table legend: (Time is in decaauts)
 A = Elapsed time spent in this place.
 B = Non-inter-level travel time spent in this place.
 C = Inter-level travel time spent in this place.
 D = Time resting spent in this place.
 E = Time spent auto-exploring this place.
 F = Levels seen in this place.
 G = Mean time per level.
                   A        B        C        D        E       F      G
               +--------+--------+--------+--------+--------+-----+--------+
         Total |    520 |    520 |      0 |    115 |      0 |   1 |  520.0 |
       Dungeon |    520 |    520 |      0 |    115 |      0 |   1 |  520.0 |
               +--------+--------+--------+--------+--------+-----+--------+

Top non-repeatable levels by time:
       D: 520 daAuts
